 Dungeon Crawl Stone Soup version 0.25.0-37-gb73750e0fb (webtiles) character file.

Game seed: 3873628858515392876

31 Ethylacetat the Poker (level 3, 0/27 HPs)
             Began as a Demonspawn Gladiator on July 8, 2020.
             Slain by a hobgoblin
             ... wielding a +0 club
              (4 damage)
             ... on level 1 of the Dungeon.
             The game lasted 00:01:20 (566 turns).

Ethylacetat the Poker (Demonspawn Gladiator)         Turns: 566, Time: 00:01:21

Health: 0/27       AC:  4    Str: 15    XL:     3   Next: 7%
Magic:  3/3        EV: 13    Int:  9    God:
Gold:   25         SH:  0    Dex: 14    Spells: 2/2 levels left

rFire    . . .     SeeInvis .   a - +0 trident
rCold    + . .     Gourm    .   (no shield)
rNeg     . . .     Faith    .   b - +0 leather armour
rPois    .         Spirit   .   c - +0 helmet
rElec    .         Reflect  .   (no cloak)
rCorr    .         Harm     .   (no gloves)
MR       .....                  (no boots)
Stlth    +.........             (no amulet)
HPRegen  0.09/turn              (no ring)
MPRegen  0.08/turn              (no ring)

@: no status effects
A: cold resistance 1, freezing cloud immunity
a: no special abilities


You were on level 1 of the Dungeon.
You were not hungry.

You visited 1 branch of the dungeon, and saw 1 of its levels.

You collected 25 gold pieces.

Inventory:

Hand Weapons
 a - a +0 trident (weapon)
Missiles
 d - 3 throwing nets (quivered)
Armour
 b - a +0 leather armour (worn)
 c - a +0 helmet (worn)
Scrolls
 e - 2 scrolls of identify {unknown}
Potions
 h - a potion of might {unknown}
Comestibles
 f - a ration
 g - 6 chunks of flesh


   Skills:
 + Level 2.2 Fighting
 + Level 3.2 Polearms
 + Level 2.0 Throwing
 + Level 0.3 Armour
 + Level 3.0 Dodging


You had 2 spell levels left.
You didn't know any spells.
Your spell library was empty.

Dungeon Overview and Level Annotations

Branches:
Dungeon (1/15)

Altars:


Innate Abilities, Weirdness & Mutations

Your flesh is cold resistant. (rC+)
You are immune to freezing clouds.


Message History

Attack whom?
Press: ? - help, Dir - move target cursor, f - hobgoblin
Aim: a hobgoblin, wielding a +0 club You reach to attack!
You hit the hobgoblin.
The hobgoblin is almost dead.
You closely miss the hobgoblin.
The hobgoblin is almost dead.
The hobgoblin closely misses you.
You completely miss the hobgoblin.
The hobgoblin is almost dead.
The hobgoblin hits you with a +0 club.
* * * LOW HITPOINT WARNING * * *
Some of the chunks of flesh in your inventory have rotted away.
You barely miss the hobgoblin.
The hobgoblin is almost dead.
The hobgoblin misses you.
You barely miss the hobgoblin.
The hobgoblin is almost dead.
The hobgoblin hits you with a +0 club.
You die...

.....# #.........# #.#
####.# #.........# #.# #.#
#.........# #.# ####.##
#.........# #.# ......#
#.........# #.#
......###.........# #.#
.......##.........# #.#
.....#.##.........###.#
######..##.####.@.....#
##)##.# #g############
######)##.####.#...........
...................>########
.#######.#.####.#g..# #.#.#
#.#...# ## #...# #.#...##
..# ##... #.#.รท..# #.#####
... #.##...#


You could see a hobgoblin.

Vanquished Creatures
  2 dart slugs (D:1)
  3 bats (D:1)
  2 giant cockroaches (D:1)
  A goblin (D:1)
  3 hobgoblins (D:1)
  6 jackals (D:1)
  A frilled lizard (D:1)
  3 kobolds (D:1)
  2 rats (D:1)
23 creatures vanquished.

Vanquished Creatures (others)
  5 toadstools (D:1)
5 creatures vanquished.

Grand Total: 28 creatures vanquished

Notes
Turn   | Place    | Note
-------+----------+-------------------------------------------
     0 | D:1      | Ethylacetat the Demonspawn Gladiator began the quest for
                  | the Orb.
     0 | D:1      | Reached XP level 1. HP: 16/16 MP: 1/1
   151 | D:1      | Gained mutation: Your flesh is cold resistant. (rC+)
                  | [demonic ancestry]
   151 | D:1      | Reached XP level 2. HP: 21/22 MP: 2/2
   546 | D:1      | Gained mutation: You are immune to freezing clouds.
                  | [demonic ancestry]
   546 | D:1      | Reached XP level 3. HP: 5/27 MP: 3/3
   566 | D:1      | Slain by a hobgoblin

Illustrated notes

Levels and vault maps discovered:
D:1:      ldierk_walled_garden, layout_basic, minmay_misc_feat_rows,
          minmay_misc_feat_diagonals

Skill      XL: |  1  2 |
---------------+-------+-----
Polearms       | 3 |  3.2
Throwing       | 2 |  2.0
Dodging        | 3 |  3.0
Fighting       | |  2.2
Armour         | |  0.3

Action                   || total
-------------------------++-------
Melee: Trident           ||    73
 Stab: Sleeping          ||     1
Armor: Leather armour    ||    21
Dodge: Dodged            ||    57
